 Seeded DCSS version 0.29.1-12-g30fa7ad0bf (webtiles) character file.

Game seed: 8801078753918749808 (custom seed)

7156 valliere the Destroyer (level 10, -2/69 HPs)
             Began as a Yellow Draconian Fire Elementalist on Jan 14, 2023.
             Was a Priest of Vehumet.
             Slain by a black mamba (4 damage)
             ... while petrified by a basilisk
             ... on level 1 of the Lair of Beasts.
             The game lasted 00:44:13 (11322 turns).

valliere the Destroyer (DrFE)                      Turns: 11322, Time: 00:44:13

Health: -2/69      AC: 11    Str: 15    XL:     10   Next: 86%
Magic:  19/19      EV:  2    Int: 25    God:    Vehumet [***...]
Gold:   271        SH:  0    Dex: 14    Spells: 9/22 levels left

rFire   . . .      SeeInvis .   w - +10 rapier "Vuexoed" {elec, *Rage rPois Str+4 Dex+2}
rCold   . . .      Faith    +   (no shield)
rNeg    + + +      Spirit   .   (body armour unavailable)
rPois   ∞          Reflect  .   (helmet restricted)
rElec   .          Harm     .   r - scarf {repulsion}
rCorr   +          Rampage  .   B - +1 Delatra's gloves {ID++}
Will    .....      Rage     20% g - +1 pair of boots
Stlth   ++........              A - amulet of faith
HPRegen 0.21/turn               o - ring of flight
MPRegen 0.16/turn               I - +6 ring of intelligence

@: short of breath, petrified, flying, repel missiles
A: spit acid, AC +7, unfitting armour, cold-blooded, acid resistance
a: Breathe Acid, Renounce Religion


You were on level 1 of the Lair of Beasts.
You worshipped Vehumet.
Vehumet was most pleased with you.
You visited 2 branches of the dungeon, and saw 9 of its levels.
You also visited: Sewer.

You collected 359 gold pieces.
You spent 88 gold pieces at shops.

Inventory:

Hand Weapons
 n - a +0 club
 v - a +1 dagger of electrocution
 w - the +10 rapier "Vuexoed" (weapon) {elec, *Rage rPois Str+4 Dex+2}
   (You found it on level 3 of the Dungeon)

   It occasionally discharges a powerful burst of electricity upon striking a
   foe.
   Str:       It affects your strength (+4).
   Dex:       It affects your dexterity (+2).
   rPois:     It protects you from poison.
   *Rage:     It berserks you when you make melee attacks (+20% chance).
Missiles
 L - 2 throwing nets
Armour
 e - a +0 cloak
 g - a +1 pair of boots (worn)
 r - a scarf of repulsion (worn)
 B - the +1 Delatra's gloves (worn) {ID++}
   (You found it on level 4 of the Dungeon)

   It heals its wearer when they drink unknown potions.
   It restores its wearer's MP when they read unknown scrolls.
Jewellery
 o - a ring of flight (left hand)
 t - an amulet of the acrobat
 A - an amulet of faith (around neck)
 D - a ring of protection from fire
 I - a +6 ring of intelligence (right hand)
 K - an amulet of magic regeneration
 M - a ring of see invisible
 N - a ring of wizardry
Wands
 E - a wand of digging (2)
 F - a wand of polymorph (17)
Scrolls
 b - 11 scrolls of identify
 d - 2 scrolls of silence {unknown}
 f - a scroll of blinking {unknown}
 i - 3 scrolls of fear {unknown}
 j - a scroll of enchant armour {unknown}
 l - 3 scrolls of amnesia {unknown}
 s - 5 scrolls of teleportation
 u - 3 scrolls of poison {unknown}
 x - a scroll of summoning {unknown}
 y - a scroll of butterflies {unknown}
 C - a scroll of enchant weapon {unknown}
 J - 2 scrolls of magic mapping {unknown}
Potions
 a - a potion of magic
 c - 8 potions of flight
 h - 2 potions of might {unknown}
 k - 3 potions of heal wounds {unknown}
 m - 2 potions of cancellation {unknown}
 p - 4 potions of invisibility
 q - 3 potions of haste {unknown}
 z - 3 potions of curing
 G - a potion of lignification {unknown}
 H - 3 potions of attraction {unknown}
 O - 2 potions of mutation


   Skills:
 + Level 6.2 Short Blades
 + Level 6.5 Dodging
 - Level 2.8 Stealth
 + Level 6.5 Spellcasting
 * Level 9.9 Conjurations
 + Level 7.4 Fire Magic


You had 9 spell levels left.
You knew the following spells:

 Your Spells              Type           Power      Damage    Failure   Level
a - Foxfire               Conj/Fire      100%       2x1d9     1%          1
b - Scorch                Fire           90%        2d9       1%          2
c - Conjure Flame         Conj/Fire      51%        6-21      1%          3
d - Fulminant Prism       Conj/Hex       16%        3d11      2%          4
e - Dazzling Flash        Conj/Hex       66%        N/A       1%          3

Your spell library contained the following spells:

 Spells                   Type           Power      Damage    Failure   Level
 Frozen Ramparts          Ice            16%        1d3       6%          3
 Magic Dart               Conj           100%       1d8       1%          1
 Searing Ray              Conj           100%       2d8       1%          2
 Inner Flame              Hex/Fire       26%        N/A       1%          3
 Flame Wave               Conj/Fire      51%        2d13      1%          4
 Chain Lightning          Conj/Air       16%        3d22      100%        9
 Fire Storm               Conj/Fire      25%        8d7       100%        9
 Shatter                  Erth           4%         3d7*      100%        9


Dungeon Overview and Level Annotations

Branches:
Dungeon (8/15)             Temple (0/1) D:6            Lair (1/5) D:8
  Sewer (visited)

Altars:
Elyvilon
Fedhas
Hepliaklqana
Nemelex Xobeh
Qazlal
Ru
Uskayaw
Vehumet

Shops:
D:8 !


Innate Abilities, Weirdness & Mutations

You can spit globs of acid.
Your golden yellow scales are hard. (AC +7)
You cannot fit into any form of body armour.
You are cold-blooded and may be slowed by cold attacks.
You are resistant to acid. (rCorr)


Message History

The catoblepas breathes a plume of calcifying dust at you.
The blast of calcifying dust hits you but does no damage.
The basilisk gazes at you.
You are slowing down.
The bullfrog hits your fulminant prism.
Your fulminant prism detonates feebly.
The water moccasin is engulfed in calcifying dust.
As you read the scroll labelled KONIWNIEKA, it crumbles to dust.
You feel strangely unstable.
It was a scroll of teleportation.
The energy of discovery flows from your fingertips!
Magic courses through your body.
You are engulfed in calcifying dust.
Your limbs have turned to stone.
The water moccasin is engulfed in calcifying dust. x2
The catoblepas snuffles in challenge.
The water moccasin is engulfed in calcifying dust.
The basilisk gazes at you. You resist with some effort.
The catoblepas breathes a plume of calcifying dust at you.
The blast of calcifying dust hits you but does no damage.
The water moccasin is engulfed in calcifying dust.
You have turned to stone.
You are engulfed in calcifying dust.
The bullfrog hits you but does no damage.
The catoblepas breathes a plume of calcifying dust at you.
The blast of calcifying dust hits you but does no damage.
The basilisk bites you.
* * * LOW HITPOINT WARNING * * *
You are engulfed in calcifying dust.
The bullfrog hits you but does no damage.
The catoblepas breathes a plume of calcifying dust at you.
The blast of calcifying dust hits you but does no damage.
The basilisk bites you!
* * * LOW HITPOINT WARNING * * *
You are engulfed in calcifying dust.
Your surroundings suddenly seem different.
A black mamba comes into view.
Found a scroll labelled LUBISIO MOSHRYH and 10 stones.
The black mamba hisses angrily.
The black mamba bites you!
You die...

. #. ##
#..#####.##
(.........#
.(........##...
......S@.......
..?.......##...
.#..###..## ##
P..# #... #..##
#..# #...


You could see a black mamba.

Vanquished Creatures
  A cane toad (Lair:1)
  Maggie (D:6)
  Grinder (D:6)
  12 yaks
  A wyvern (D:4)
  5 humans (D:8)
  A steam dragon (D:7)
  Menkaure (D:6)
  4 water moccasins
  Duvessa (D:5)
  An ice beast (D:5)
  An orc warrior (D:6)
  3 black bears
  3 ogres
  A phantom (D:5)
  Blork the orc (D:4)
  8 bullfrogs
  2 necrophages (D:5)
  13 wights
  Dowan (D:5)
  2 hounds
  4 orc priests
  A jelly (D:7)
  5 iguanas
  8 orc wizards
  15 adders
  5 river rats
  2 shadow imps (D:7)
  2 white imps
  2 ufetubi
  5 worms
  5 dart slugs
  22 orcs
  8 endoplasms
  4 giant cockroaches
  17 goblins
  5 hobgoblins
  6 jackals
  6 quokkas
  11 ball pythons
  13 bats
  8 frilled lizards
  6 kobolds
  6 rats
230 creatures vanquished.

Vanquished Creatures (collateral kills)
  A foxfire (D:4)
1 creature vanquished.

Vanquished Creatures (others)
  A butterfly (D:4)
  684 foxfires
  3 fulminant prisms
  A fungus (Lair:1)
  A plant (Lair:1)
690 creatures vanquished.

Grand Total: 921 creatures vanquished

Notes
Turn   | Place    | Note
-------+----------+-------------------------------------------
     0 | D:1      | valliere the Draconian Fire Elementalist began the quest
                  | for the Orb.
     0 | D:1      | Reached XP level 1. HP: 14/14 MP: 3/3
   314 | D:1      | Reached XP level 2. HP: 20/20 MP: 3/5
   995 | D:1      | Reached XP level 3. HP: 26/26 MP: 3/6
  1503 | D:2      | Reached skill level 2 in Conjurations
  2445 | D:3      | Identified the +10 rapier "Vuexoed" {elec, *Rage rPois
                  | Str+4 Dex+2}
  2458 | D:3      | Reached XP level 4. HP: 33/33 MP: 3/7
  2481 | D:3      | Found a glowing drain.
  2493 | Sewer    | Entered a sewer
  3123 | Sewer    | Reached XP level 5. HP: 38/38 MP: 5/8
  3244 | Sewer    | Reached skill level 3 in Conjurations
  3366 | Sewer    | Learned a level 2 spell: Scorch
  3828 | D:3      | Identified the +2 scimitar of Light {drain, rElec rC++
                  | Dex+3 Stlth+}
  4330 | D:4      | Reached XP level 6. HP: 45/45 MP: 8/10
  4345 | D:4      | Found a sacrificial altar of Ru.
  4506 | D:4      | Found a radiant altar of Vehumet.
  4513 | D:4      | Became a worshipper of Vehumet
  4527 | D:4      | Found the +1 Delatra's gloves {ID++}
  4603 | D:4      | Found a blossoming altar of Fedhas.
  4872 | D:4      | Noticed a wyvern
  4880 | D:4      | Killed a wyvern
  4881 | D:4      | Reached skill level 1 in Short Blades
  4881 | D:4      | Reached skill level 4 in Conjurations
  5067 | D:4      | Your scales start taking on a golden yellow colour.
  5067 | D:4      | Reached XP level 7. HP: 50/50 MP: 3/12
  5067 | D:4      | Gained mutation: You are resistant to acid. (rCorr) [Yellow
                  | Draconian growth]
  5145 | D:4      | Found a white marble altar of Elyvilon.
  5377 | D:4      | Noticed Blork the orc
  5391 | D:4      | Killed Blork the orc
  5551 | D:5      | Entered Level 5 of the Dungeon
  5628 | D:5      | Noticed Dowan
  5629 | D:5      | Noticed Duvessa
  5651 | D:5      | Killed Dowan
  5731 | D:5      | Reached skill level 5 in Conjurations
  5984 | D:5      | Reached * piety under Vehumet
  5984 | D:5      | Offered knowledge of Sandblast by Vehumet.
  6057 | D:5      | Learned a level 3 spell: Conjure Flame
  6105 | D:5      | Killed Duvessa
  6106 | D:5      | Reached XP level 8. HP: 42/57 MP: 1/14
  6537 | D:5      | Reached skill level 5 in Fire Magic
  6705 | D:5      | Reached skill level 6 in Conjurations
  6903 | D:6      | Found a staircase to the Ecumenical Temple.
  6909 | D:6      | Noticed Grinder
  6913 | D:6      | Noticed Maggie
  6915 | D:6      | Paralysed by Grinder for 4 turns
  6936 | D:6      | Killed Maggie
  6937 | D:6      | Killed Grinder
  7132 | D:6      | Reached XP level 9. HP: 62/62 MP: 11/16
  7215 | D:6      | Noticed Menkaure
  7220 | D:6      | Killed Menkaure
  7283 | D:6      | Reached skill level 7 in Conjurations
  7373 | D:6      | Offered knowledge of Static Discharge by Vehumet.
  7374 | D:6      | Reached skill level 5 in Dodging
  7474 | D:6      | Reached ** piety under Vehumet
  7475 | D:6      | Reached skill level 5 in Spellcasting
  7695 | D:6      | Found a stormy altar of Qazlal.
  7703 | D:6      | Learned a level 4 spell: Fulminant Prism
  8290 | D:6      | Reached skill level 8 in Conjurations
  8430 | D:6      | Found a hazy altar of Hepliaklqana.
  8563 | D:7      | Offered knowledge of Dazzling Flash by Vehumet.
  8572 | D:7      | Learned a level 3 spell: Dazzling Flash
  8760 | D:7      | Found a sparkling altar of Nemelex Xobeh.
  9167 | D:7      | Reached skill level 5 in Short Blades
  9702 | D:8      | Reached XP level 10. HP: 69/69 MP: 18/18
  9756 | D:8      | Reached *** piety under Vehumet
 10185 | D:8      | Found a staircase to the Lair.
 10467 | D:8      | Reached skill level 9 in Conjurations
 10873 | D:8      | Found Anuneixt's Distillery.
 10878 | D:8      | Bought a potion of mutation for 88 gold pieces
 10983 | D:8      | Found a hide-covered altar of Uskayaw.
 11097 | Lair:1   | Entered Level 1 of the Lair of Beasts
 11118 | Lair:1   | Noticed a cane toad
 11124 | Lair:1   | Killed a cane toad
 11173 | Lair:1   | Offered knowledge of Frozen Ramparts by Vehumet.
 11298 | Lair:1   | Noticed a catoblepas
 11320 | Lair:1   | HP: 2/69 [basilisk (6)]
 11321 | Lair:1   | Noticed a black mamba
 11322 | Lair:1   | Slain by a black mamba

Illustrated notes

Levels and vault maps discovered:
D:1:      scummos_arrival_forest, layout_basic
D:2:      layout_loops_cross
D:3:      layout_loops_ring, lightli_sewer_entry_pipes, minmay_checkerbox
D:4:      layout_loops_ring, nicolae_vehumet_altar_sigil, kennysheep_mini,
          nicolae_elyvilon_peaceful_grove, nicolae_ru_awakened_eye,
          chequers_serial_rivers_large_b, uniq_blork_the_orc
D:5:      layout_loops_ring, uniq_duvessa
D:6:      layout_loops_ring, nicolae_hepliaklqana_hippocampus,
          grunt_qazlal_sundering, minmay_temple_entry_arrows,
          minmay_ogre_servants, uniq_menkaure, uniq_maggie, uniq_grinder
D:7:      layout_layer_cave, mainiacjoe_overflow_brackets
D:8:      layout_gridville, mainiacjoe_overflow_alcove_2, lair_entry_dummy,
          serial_shops, kennysheep_little_box, minmay_ruffians
Lair:1:   layout_gridlike, grunt_megastairs_3, serial_bayou_shore_b

Skill      XL: |  1  2  3  4  5  6  7  8  9 10 |
---------------+-------------------------------+-----
Dodging        | 2 3 4 5 6 |  6.5
Stealth        | 2 |  2.8
Conjurations   | 2 3 4 5 6 8 9 |  9.9
Spellcasting   | 3 4 5 6 |  6.5
Short Blades   | 1 2 3 5 6 |  6.2
Fire Magic     | 4 5 6 7 |  7.4

Action                   |  1- 3 |  4- 6 |  7- 9 | 10-12 || total
-------------------------+-------+-------+-------+-------++-------
Melee: Unarmed           |    19 |       |       |       ||    19
       Tailslap          |     2 |     3 |     4 |     3 ||    12
       Club              |     4 |       |       |       ||     4
       Rapier            |       |    38 |    40 |    37 ||   115
       Punch             |       |       |       |     2 ||     2
 Cast: Foxfire           |    70 |   113 |   162 |    63 ||   408
       Scorch            |       |     7 |    54 |    25 ||    86
       Conjure Flame     |       |       |     6 |     3 ||     9
       Fulminant Prism   |       |       |       |     3 ||     3
 Abil: Breathe Acid      |       |       |     5 |     3 ||     8
  Use: Scroll            |       |     1 |       |     1 ||     2
       Potion            |       |       |     1 |       ||     1
 Stab: Sleeping          |       |     2 |       |     1 ||     3
Armor: Skin              |    12 |    18 |    23 |    22 ||    75
Dodge: Dodged            |    26 |    48 |    41 |    37 ||   152
       Repelled          |       |       |     2 |       ||     2
